 Dungeon Crawl Stone Soup version 0.21.1-1-g345015f (webtiles) character file.

105 diana the Poker (level 4, 0/33 HPs)
             Began as a Merfolk Skald on June 2, 2018.
             Succumbed to an adder's poison
             ... on level 2 of the Dungeon.
             The game lasted 00:03:39 (1854 turns).

diana the Poker (Merfolk Skald)                     Turns: 1854, Time: 00:03:39

Health: 0/33       AC:  3    Str: 11    XL:     4   Next: 81%
Magic:  7/7        EV: 13    Int: 12    God:
Gold:   101        SH:  0    Dex: 14    Spells: 6/7 levels left

rFire    . . .     SeeInvis .   a - +0 spear
rCold    . . .     Gourm    .   (no shield)
rNeg     . . .     Faith    .   b - +0 leather armour
rPois    .         Spirit   .   (no helmet)
rElec    .         Reflect  .   (no cloak)
rCorr    .         Harm     .   (no gloves)
MR       .....                  (no boots)
Stlth    +.........             (no amulet)
HPRegen  0.11/turn              (no ring)
MPRegen  0.10/turn              (no ring)

@: lethally poisoned (0 -> -4), infused
A: change form in water, swift swim, stealthy swim
a: no special abilities


You were on level 2 of the Dungeon.
You were very hungry.

You visited 1 branch of the dungeon, and saw 3 of its levels.

You collected 101 gold pieces.

Inventory:

Hand Weapons
 a - a +0 spear (weapon)
Armour
 b - a +0 leather armour (worn)
Scrolls
 g - a scroll of enchant weapon
 h - 2 scrolls of identify
 i - a scroll of fog {unknown}
 j - a scroll of enchant armour {unknown}
Books
 c - a book of Battle

   Spells                             Type                      Level
   a - Infusion                       Charms                       1
   b - Shroud of Golubria             Charms/Translocation         2
   c - Song of Slaying                Charms                       2
   d - Spectral Weapon                Hexes/Charms                 3
   e - Regeneration                   Charms/Necromancy            3
 e - a book of Callings

   Spells                             Type                      Level
   a - Summon Small Mammal            Summoning                    1
   b - Call Imp                       Summoning                    2
   c - Call Canine Familiar           Summoning                    3
   d - Summon Guardian Golem          Hexes/Summoning              3
   e - Summon Lightning Spire         Summoning/Air                4
   f - Summon Ice Beast               Ice/Summoning                4
Comestibles
 d - 4 rations


   Skills:
 - Level 2.1 Fighting
 * Level 6.0 Polearms
 - Level 0.6 Armour
 + Level 4.2 Dodging
 - Level 2.0 Spellcasting
 - Level 3.2 Charms


You had 6 spell levels left.
You knew the following spells:

 Your Spells              Type           Power        Failure   Level  Hunger
a - Infusion              Chrm           #...         10%         1    ##.....


Dungeon Overview and Level Annotations

Branches:
Dungeon (3/15)

Altars:
Sif Muna


Message History

The adder closely misses you. The gnoll barely misses you.
You barely miss the gnoll.
The gnoll is severely wounded.
The adder misses you.
Casting: Infusion
Confirm with . or Enter, or press ? or * to list all spells.
You begin infusing your attacks with magical energy.
The gnoll hits you with a flail! The adder barely misses you.
You are too injured to fight recklessly!
You are too injured to fight recklessly!
You are too injured to fight recklessly!
You hit the gnoll.
The gnoll is severely wounded.
The adder bites you.
You are poisoned.
The adder poisons you! The gnoll hits you with a flail!
* * * LOW HITPOINT WARNING * * *
Unknown command.
Magic courses through your body.
You die...

##.###..#...P..♣.......(.........
#....(.♣.♣♣ P.♣P..#..._...#...♣.
#####.....♣♣♣♣..♣............P..♣
#.........P♣♣..P.P.§§#...#.P.....
............P♣.P.♣♣PP..P.P....P♣P
..........PP.♣♣.P♣§♣.♣♣PP♣♣.P♣♣♣.
...#####.....♣♣♣P§♣♣.....P.P♣PP.♣
### #.......♣§P♣...##†...♣..♣.
#######.S@g§..#.........).
#.#######.#####..#.# #.# #..
#..... #.# ## #.##.. #.. #....#
### ######


You could see a gnoll and an adder.

Vanquished Creatures
  An orc priest (D:3)
  2 gnolls
  A howler monkey skeleton (D:3)
  An adder skeleton (D:3)
  2 dart slugs (D:1)
  A leopard gecko (D:3)
  3 orcs (D:3)
  A bat (D:3)
  A goblin (D:1)
  6 hobgoblins
  3 jackals (D:1)
  4 kobolds
  3 quokkas (D:2)
  A frilled lizard (D:3)
  2 leopard gecko zombies (D:3)
  A rat (D:1)
33 creatures vanquished.

Notes
Turn   | Place    | Note
-------+----------+-------------------------------------------
     0 | D:1      | diana the Merfolk Skald began the quest for the Orb.
     0 | D:1      | Reached XP level 1. HP: 16/16 MP: 3/3
   165 | D:1      | Reached XP level 2. HP: 16/22 MP: 5/5
   447 | D:1      | Reached skill level 4 in Polearms
   594 | D:1      | Reached XP level 3. HP: 26/27 MP: 6/6
   770 | D:2      | Found a deep blue altar of Sif Muna.
  1160 | D:3      | Reached skill level 5 in Polearms
  1160 | D:3      | Reached XP level 4. HP: 29/33 MP: 7/7
  1848 | D:2      | Reached skill level 6 in Polearms
  1853 | D:2      | HP: 1/33 [gnoll/flail (11)]
  1854 | D:2      | Succumbed to an adder's poison

Skill      XL: |  1  2  3  4 |
---------------+-------------+-----
Dodging        | 3 4 |  4.2
Polearms       | 4 5 6 |  6.0
Fighting       | |  2.1
Armour         | |  0.6
Spellcasting   | |  2.0
Charms         | |  3.2

Action                   |  1- 3 |  4- 6 || total
-------------------------+-------+-------++-------
Melee: Spear             |    81 |    94 ||   175
 Cast: Infusion          |       |     1 ||     1
  Use: Potion            |     2 |     1 ||     3
       Scroll            |     2 |       ||     2
  Eat: Chunk             |       |     2 ||     2
Armor: Leather armour    |    11 |    10 ||    21
Dodge: Dodged            |    37 |    40 ||    77
